 Dungeon Crawl Stone Soup version 0.24-a0-422-g9eff389 (webtiles) character file.

Game seed: 8624685218518078619

2 MatthieuS the Conjurer (level 1, 0/13 HPs)
             Began as a Human Conjurer on June 12, 2019.
             Slain by a jackal (3 damage)
             ... on level 1 of the Dungeon.
             The game lasted 00:00:47 (202 turns).

MatthieuS the Conjurer (Human Conjurer)              Turns: 202, Time: 00:00:48

Health: 0/13       AC:  2    Str:  8    XL:     1   Next: 33%
Magic:  1/3        EV: 12    Int: 15    God:
Gold:   19         SH:  0    Dex: 13    Spells: 3/4 levels left

rFire    . . .     SeeInvis .   (no weapon)
rCold    . . .     Gourm    .   (no shield)
rNeg     . . .     Faith    .   a - +0 robe
rPois    .         Spirit   .   (no helmet)
rElec    .         Reflect  .   (no cloak)
rCorr    .         Harm     .   (no gloves)
MR       .....                  (no boots)
Stlth    ++........             (no amulet)
HPRegen  0.04/turn              (no ring)
MPRegen  0.08/turn              (no ring)

@: no status effects
A: no striking features
a: no special abilities


You were on level 1 of the Dungeon.
You were not hungry.

You visited 1 branch of the dungeon, and saw 1 of its levels.

You collected 19 gold pieces.

Inventory:

Missiles
 b - 3 datura-tipped darts (quivered)
Armour
 a - a +0 robe (worn)
Comestibles
 c - a chunk of flesh
 e - a ration


   Skills:
 - Level 2.0 Dodging
 - Level 2.0 Stealth
 + Level 2.0 Spellcasting
 + Level 4.0 Conjurations


You had 3 spell levels left.
You knew the following spells:

 Your Spells              Type           Power        Failure   Level  Hunger
a - Magic Dart            Conj           ##..         4%          1    #......

Your spell library contained the following spells:

 Spells                   Type           Power        Failure   Level  Hunger
 Searing Ray              Conj           ##....       6%          2    ###....
 Dazzling Spray           Conj/Hex       #.....       28%         3    ###....
 Iskenderun's Mystic Bla  Conj           ##......     38%         4    #####..
 Force Lance              Conj/Tloc      #.......     67%         4    #####..
 Fulminant Prism          Conj/Hex       #.........   67%         4    #####..


Dungeon Overview and Level Annotations

Branches:
Dungeon (1/15)

Altars:


Message History

The hobgoblin shouts!
You hear a bark! x2; You hear a shout!
Aim: a hobgoblin The magic dart hits the hobgoblin.
You hear a shout!
You hear a bark! x2
Aim: a hobgoblin (heavily wounded)
The magic dart hits the hobgoblin.
You hear a shout!
You barely miss the hobgoblin. You completely miss the hobgoblin.
The hobgoblin hits you.
A jackal comes into view.
Unknown command.
The hobgoblin hits you.
A jackal comes into view.
Found a stone staircase leading down.
A jackal comes into view.
The jackal misses you.
Aim: a hobgoblin (severely wounded)
The magic dart hits the jackal.
The jackal bites you.
Aim: a hobgoblin (severely wounded)
The magic dart hits the jackal.
You kill the jackal!
The jackal closely misses you.
You closely miss the jackal. The jackal misses you.
The jackal closely misses you.
A bat comes into view.
The jackal closely misses you.
Found a scroll labeled JOESSEAMI.
The jackal misses you. The jackal barely misses you.
You can't see that place. [Stash: 3 datura-tipped darts] [the floor.]
The jackal barely misses you.
You aren't carrying any potions.
As you read the scroll labeled TIXKIZO DUOZYU, it crumbles to dust.
The scroll dissolves into smoke.
It was a scroll of fog.
The jackal bites you. x2
* * * LOW HITPOINT WARNING * * *
A rat comes into view.
The jackal bites you.
* * * LOW HITPOINT WARNING * * *
The jackal bites you.
* * * LOW HITPOINT WARNING * * *
The jackal bites you.
* * * LOW HITPOINT WARNING * * *
The jackal barely misses you. x2
You see here 3 datura-tipped darts.
b - 3 datura-tipped darts The jackal bites you but does no damage.
The jackal misses you. The jackal bites you.
You die...

..# # #.# #.###
#.######.#####.#...#
...................###
#b.....>....#. #..>..
#......#.##...#
#.##..........#
#g##.#.#......#
#.##§#.##.h@..##
#§##§#....h....##
#§##§§§.........#
#§§§§§§§.......##
#§§##§''##....##
##§§#...§.#...##
#...#.....#...#
###...#..<..#...#
#.....#.....#...#


You could see 2 jackals.

Vanquished Creatures
  A jackal (D:1)
  A frilled lizard (D:1)
2 creatures vanquished.

Notes
Turn   | Place    | Note
-------+----------+-------------------------------------------
     0 | D:1      | MatthieuS the Human Conjurer began the quest for the Orb.
     0 | D:1      | Reached XP level 1. HP: 13/13 MP: 3/3
   202 | D:1      | Slain by a jackal

Levels and vault maps discovered:
D:1:      dpeg_arrival_windows_large_door, layout_loops_ring,
          minmay_heptomino_w4

Action                   || total
-------------------------++-------
Melee: Unarmed           ||     3
 Cast: Magic Dart        ||     7
  Use: Scroll            ||     1
Armor: Robe              ||     1
Dodge: Dodged            ||    11

Table legend:
 A = Non-vault XP
 B = Vault XP
 C = Vault XP percentage of total XP
 D = Non-vault monster count
 E = Vault monster count
 F = Vault count percentage of total count
                 A         B        C        D         E       F
            +---------+---------+-------+---------+---------+-------
      Total |       3 |       0 |   0.0 |       2 |       0 |   0.0
            +---------+---------+-------+---------+---------+-------
        D:1 |       3 |       0 |   0.0 |       2 |       0 |   0.0
            +---------+---------+-------+---------+---------+-------
